 Dungeon Crawl Stone Soup version 0.22.1-1-ga44c0e5 (webtiles) character file.

3951 Starchild the Spear-Bearer (level 10, -3/67 HPs)
             Began as a Merfolk Skald on Sept 30, 2018.
             Was a Priest of Yredelemnul.
             Slain by an orc warrior
             ... wielding a +0 war axe
              (21 damage)
             ... on level 7 of the Dungeon.
             The game lasted 01:01:13 (10689 turns).

Starchild the Spear-Bearer (Merfolk Skald)         Turns: 10689, Time: 01:01:15

Health: -3/67      AC:  8    Str: 14    XL:     10   Next: 21%
Magic:  8/13       EV: 12    Int: 15    God:    Yredelemnul [***...]
Gold:   356        SH:  5    Dex: 15    Spells: 2/13 levels left

rFire    + . .     SeeInvis .   M - +0 trident (venom)
rCold    . . .     Gourm    .   E - +0 buckler
rNeg     . . .     Faith    .   z - +3 leather armour {MR+}
rPois    .         Spirit   .   p - +0 helmet
rElec    .         Reflect  .   x - scarf {cloud immunity}
rCorr    .         Harm     .   j - +0 pair of gloves
MR       +....                  (no boots)
Stlth    +.........             (no amulet)
HPRegen  0.21/turn              i - ring of protection from fire
MPRegen  0.13/turn              w - +3 ring of strength

@: very slightly contaminated
A: change form in water, swift swim, stealthy swim
a: Recall Undead Slaves, Injury Mirror, Animate Dead, Renounce Religion


You were on level 7 of the Dungeon.
You worshipped Yredelemnul.
Yredelemnul was most pleased with you.
You were not hungry.

You visited 2 branches of the dungeon, and saw 9 of its levels.
You also visited: Sewer and Ossuary.

You collected 356 gold pieces.

Inventory:

Hand Weapons
 a - a +1 spear
 B - a +0 scythe
 M - a +0 trident of venom (weapon)
Missiles
 e - 402 stones (quivered)
 h - 8 javelins
 q - 2 throwing nets
Armour
 j - a +0 pair of gloves (worn)
 p - a +0 helmet (worn)
 x - a scarf of cloud immunity (worn)
 z - a +3 leather armour of magic resistance (worn)
 E - a +0 buckler (worn)
 H - the +3 large shield of Noxyumik {*Drain +Inv rF- rCorr}
   (You found it in a sewer)

   It makes you vulnerable to fire.
   It lets you turn invisible.
   It provides partial protection from all sources of acid and corrosion.
   It causes draining when unequipped.
 I - a +1 shield of protection
Jewellery
 b - an uncursed ring of stealth
 i - a ring of protection from fire (left hand)
 w - a +3 ring of strength (right hand)
 O - an uncursed ring of positive energy
 P - an uncursed ring of ice
Wands
 c - a wand of polymorph (10)
 y - a wand of random effects (18)
Scrolls
 g - 4 scrolls of amnesia
 l - 4 scrolls of remove curse
 m - 4 scrolls of teleportation
 n - 2 scrolls of enchant weapon
 r - a scroll of magic mapping
 s - 2 scrolls of random uselessness {unknown}
 u - a scroll of blinking
 v - 2 scrolls of fog {unknown}
 D - a scroll of silence {unknown}
 J - a scroll of immolation {unknown}
Potions
 f - a potion of brilliance {unknown}
 k - 4 potions of agility
 o - 9 potions of curing
 t - 5 potions of lignification
 C - a potion of berserk rage {unknown}
 F - 2 potions of flight {unknown}
 G - 2 potions of heal wounds
 K - a potion of might
 L - a potion of resistance
 N - a potion of haste
Comestibles
 d - 8 rations


   Skills:
 - Level 2.1 Fighting
 * Level 12.4 Polearms
 - Level 0.6 Armour
 - Level 2.6 Dodging
 - Level 4.2 Shields
 - Level 2.0 Spellcasting
 + Level 11.3 Charms
 - Level 3.3 Invocations


You had 2 spell levels left.
You knew the following spells:

 Your Spells              Type           Power        Failure   Level  Hunger
a - Infusion              Chrm           ####         1%          1    #......
b - Song of Slaying       Chrm           #####...     1%          2    ###....
c - Shroud of Golubria    Chrm/Tloc      ###.......   4%          2    ###....
d - Regeneration          Chrm/Necr      ###.......   9%          3    ###....
e - Spectral Weapon       Hex/Chrm       ###.....     9%          3    ###....

Your spell library contained the following spells:

 Spells                   Type           Power        Failure   Level  Hunger


Dungeon Overview and Level Annotations

Branches:
Dungeon (8/15)             Temple (1/1) D:5
   Lair: D:8-11

Altars:
Ashenzari
Cheibriados
Dithmenos
Elyvilon
Fedhas
Gozag
Hepliaklqana
Kikubaaqudgha
Makhleb
Nemelex Xobeh
Qazlal
Ru
Sif Muna
Trog
Uskayaw
Vehumet
Wu Jian
Xom
Yredelemnul
Zin
The Shining One

Shops:
D:7 =

Annotations:
D:4 3 runed doors, Edwards80's ghost, novice HOFi
D:7 Harold


Message History

You completely miss the orc.
The orc is lightly wounded.
You block the orc's attack.
You puncture the orc warrior!
The orc warrior is moderately wounded.
The orc warrior hits you with a war axe!
* * * LOW HITPOINT WARNING * * *
Casting: Regeneration (safe; 9% risk of failure)
Confirm with . or Enter, or press ? or * to list all spells.
Space distorts slightly along a thin shroud covering your body.
Your shroud bends the orc's attack away.
Your shroud bends the orc warrior's attack away.
Casting: Shroud of Golubria (safe; 4% risk of failure)
Confirm with . or Enter, or press ? or * to list all spells.
You miscast Regeneration.
You are very lightly contaminated with residual magic.
You shiver with cold.
The orc barely misses you.
The orc warrior hits you with a war axe!!
You die...
Your body rises from the dead as a mindless zombie.

######.#####.###..........#
#.# #Z# #.#######.Z#
#.#####.# #.# #..#######
#...Z...# #.# #.........
######..###### #.#
#.######## .....#..# #.#
#.# .###(#..# #)# #.# .#
#....# #o# #.# .###.##.#
#@# ####.# >....<..# #o#
#....# ## ##.###### #.#
#.#### #. #.# #.# #.# #O
#.# #.# #.# ###. #.# #.#
#.# #.@. ##.# #.# #Z#####
#.## ...# #.# #.Z...# #O#
#### #.## #####Z# #.#


You could see an orc warrior and an orc.

Vanquished Creatures
  Grinder (Sewer)
  Sigmund (D:5)
  Eustachio (D:5)
  Duvessa (D:5)
  An orc warrior (D:7)
  A phantom (D:4)
  A sky beast (D:6)
  A black bear (D:7)
  2 ogres (D:7)
  3 centaurs
  2 big kobolds (Sewer)
  An elf zombie (Ossuary)
  3 bullfrogs
  2 gnoll sergeants
  2 scorpions
  Dowan (D:5)
  8 killer bees (D:7)
  A crimson imp (D:6)
  2 bullfrog zombies
  A quasit (Sewer)
  3 centaur zombies
  A jelly (D:6)
  A hound (D:6)
  2 orc priests
  6 orc wizards
  A centaur skeleton (D:7)
  Ijyb (D:3)
  Terence (D:3)
  2 iguanas
  3 worker ants
  6 big kobold zombies
  2 hound skeletons (D:4)
  2 mummies (Ossuary)
  2 worker ant zombies
  Robin (D:3)
  15 gnolls
  16 adders
  A gnoll zombie (D:6)
  3 shadow imps
  2 ufetubi (Sewer)
  An ooze (Sewer)
  3 adder skeletons
  An adder zombie (Ossuary)
  3 worms
  2 dart slugs (D:1)
  5 leopard geckos
  9 orcs
  4 giant cockroaches
  20 goblins
  13 hobgoblins
  6 jackals
  29 kobolds
  A quokka (D:3)
  9 ball pythons
  6 bats
  4 frilled lizards
  A goblin zombie (Ossuary)
  15 hobgoblin zombies (Ossuary)
  2 jackal zombies (Ossuary)
  6 kobold zombies (Ossuary)
  8 orc zombies
  A quokka skeleton (D:6)
  6 rats
262 creatures vanquished.

Vanquished Creatures (collateral kills)
  An ice beast (D:6)
  A killer bee (D:7)
  A jelly (D:6)
  A hound (D:6)
  An iguana (D:6)
  2 gnolls
  An orc (D:6)
8 creatures vanquished.

Vanquished Creatures (others)
  A bullfrog zombie (D:7)
  A black bear zombie (D:7)
  An ogre zombie (D:7)
  An iguana zombie (D:7)
  An orc zombie (D:6)
  A gnoll zombie (D:7)
6 creatures vanquished.

Grand Total: 276 creatures vanquished

Notes
Turn   | Place    | Note
-------+----------+-------------------------------------------
     0 | D:1      | Starchild the Merfolk Skald began the quest for the Orb.
     0 | D:1      | Reached XP level 1. HP: 16/16 MP: 3/3
    39 | D:1      | Reached XP level 2. HP: 10/22 MP: 0/5
   174 | D:1      | Learned a level 2 spell: Song of Slaying
   177 | D:1      | Learned a level 2 spell: Shroud of Golubria
   336 | D:1      | Reached XP level 3. HP: 20/27 MP: 0/6
   720 | D:2      | Reached skill level 4 in Polearms
   876 | D:2      | Reached XP level 4. HP: 32/33 MP: 2/7
  1285 | D:2      | Reached skill level 5 in Polearms
  1312 | D:2      | Reached XP level 5. HP: 26/38 MP: 0/8
  1539 | D:2      | Learned a level 3 spell: Regeneration
  1631 | D:3      | Noticed Robin
  1656 | D:3      | Reached skill level 5 in Charms
  1673 | D:3      | HP: 1/38 [goblin[Robin] (3)]
  1684 | D:3      | Killed Robin
  1684 | D:3      | Reached skill level 6 in Polearms
  1887 | D:3      | Noticed Terence
  1901 | D:3      | Killed Terence
  2069 | D:3      | Noticed Ijyb
  2306 | D:3      | Reached XP level 6. HP: 37/44 MP: 5/9
  2859 | D:4      | Reached skill level 7 in Polearms
  3208 | D:4      | Reached skill level 8 in Polearms
  3374 | D:4      | Noticed a phantom
  3379 | D:4      | Reached XP level 7. HP: 31/50 MP: 1/10
  3706 | D:3      | Killed Ijyb
  3706 | D:3      | Reached skill level 9 in Polearms
  4139 | D:4      | Found a runed gate.
  4139 | D:4      | Found a runed gate.
  4139 | D:4      | Found a runed gate.
  4139 | D:4      | Noticed Edwards80's ghost (novice HOFi)
  4477 | D:5      | Entered Level 5 of the Dungeon
  4479 | D:5      | Noticed Eustachio
  4500 | D:5      | Killed Eustachio
  4573 | D:5      | Found a sand-covered staircase.
  4585 | Ossuary  | Entered an ossuary
  4730 | Ossuary  | Reached skill level 10 in Polearms
  4764 | Ossuary  | Reached XP level 8. HP: 42/56 MP: 9/11
  5068 | D:5      | Found a staircase to the Ecumenical Temple.
  5085 | D:5      | Reached skill level 11 in Polearms
  5093 | Temple   | Entered the Ecumenical Temple
  5198 | Temple   | Learned a level 3 spell: Spectral Weapon
  5236 | Temple   | Became a worshipper of Yredelemnul the Dark
  5349 | D:5      | Noticed Dowan
  5351 | D:5      | Noticed Duvessa
  5367 | D:5      | Killed Duvessa
  5379 | D:5      | Killed Dowan
  6189 | D:5      | Reached skill level 12 in Polearms
  6375 | D:5      | Noticed Sigmund
  6386 | D:5      | Killed Sigmund
  6386 | D:5      | Reached skill level 1 in Shields
  6585 | D:6      | Reached XP level 9. HP: 55/61 MP: 7/12
  6600 | D:6      | Found a glowing drain.
  6635 | Sewer    | Entered a sewer
  6728 | Sewer    | Reached * piety under Yredelemnul
  6762 | Sewer    | Found a burning altar of Makhleb.
  6886 | Sewer    | Got a translucent large shield
  6902 | Sewer    | Noticed Grinder
  6923 | Sewer    | Killed Grinder
  7166 | Sewer    | Identified the +3 large shield of Noxyumik {*Drain +Inv rF-
                  | rCorr} (You found it in a sewer)
  7406 | D:6      | Reached ** piety under Yredelemnul
  7589 | D:6      | Found a transporter.
  7633 | D:6      | Found a transporter.
  7785 | D:6      | Reached skill level 1 in Invocations
  8211 | D:6      | Reached skill level 10 in Charms
  8691 | D:7      | Noticed a two-headed ogre
  8969 | D:7      | Reached XP level 10. HP: 51/67 MP: 8/13
  9009 | D:7      | Noticed Harold
  9425 | D:7      | Found Pohon's Jewellery Shoppe.
 10136 | D:8      | Reached *** piety under Yredelemnul
 10689 | D:7      | Slain by an orc warrior

Skill      XL: |  1  2  3  4  5  6  7  8  9 10 |
---------------+-------------------------------+-----
Charms         | 4 5 6 8 10 11 | 11.3
Polearms       | 4 5 6 8 10 12 | 12.4
Shields        | 2 4 |  4.2
Invocations    | 3 |  3.3
Fighting       | |  2.1
Armour         | |  0.6
Dodging        | |  2.6
Spellcasting   | |  2.0

Action                   |  1- 3 |  4- 6 |  7- 9 | 10-12 || total
-------------------------+-------+-------+-------+-------++-------
Melee: Spear             |   118 |   306 |   835 |    42 ||  1301
       Tailslap          |       |       |    11 |       ||    11
       Trident           |       |       |       |    94 ||    94
Throw: Stone             |     1 |     1 |       |       ||     2
       Javelin           |       |     5 |     2 |       ||     7
       Tomahawk          |       |       |     8 |     4 ||    12
 Cast: Infusion          |     6 |     6 |    20 |       ||    32
       Song of Slaying   |     5 |     4 |    13 |     1 ||    23
       Shroud of Golubri |     1 |     3 |    21 |     6 ||    31
       Regeneration      |       |       |     1 |     3 ||     4
Invok: Animate Remains   |       |       |     3 |     2 ||     5
       Recall Undead Sla |       |       |       |     1 ||     1
       Animate Dead      |       |       |       |     1 ||     1
  Use: Potion            |     4 |     1 |     3 |       ||     8
       Scroll            |     3 |     6 |     4 |     1 ||    14
 Stab: Sleeping          |     1 |     2 |     2 |       ||     5
  Eat: Chunk             |       |     9 |    11 |     2 ||    22
       Ration            |       |       |     3 |     2 ||     5
Armor: Leather armour    |    20 |    24 |   156 |    25 ||   225
       Animal skin       |       |    21 |    13 |       ||    34
Dodge: Dodged            |    61 |   149 |   330 |    60 ||   600
Block: Buckler           |       |       |    55 |    33 ||    88
